 Dungeon Crawl Stone Soup version 0.19.4-9-g45fd643 (webtiles) character file.

148 Liquid the Cutter (level 5, -2/33 HPs)
             Began as a Kobold Berserker on Feb 21, 2017.
             Was a Believer of Trog.
             Killed from afar by an orc wizard (11 damage)
             ... with a puff of flame
             ... on level 3 of the Dungeon.
             The game lasted 00:10:55 (2635 turns).

Liquid the Cutter (Kobold Berserker)                Turns: 2635, Time: 00:10:55

Health: -2/33      AC:  6    Str: 15    XL:     5   Next: 56%
Magic:  5/5        EV: 13    Int:  8    God:    Trog [**....]
Gold:   137        SH:  0    Dex: 15    Spells: 0 memorised, 4 levels left

rFire  . . .     SeeInvis .     a - +0 short sword
rCold  . . .     Gourm    .     m - +0 scale mail
rNeg   . . .     Faith    .     (shield restricted)
rPois  .         Spirit   .     (no helmet)
rElec  .         Reflect  .     (no cloak)
rCorr  .         Harm     .     (no gloves)
MR     .....                    (no boots)
Stlth  +.........               (no amulet)
                                (no ring)
                                (no ring)

@: no status effects
A: carnivore 3
a: Berserk, Trog's Hand, Burn Spellbooks, Renounce Religion


You were on level 3 of the Dungeon.
You worshipped Trog.
Trog was pleased with you.
You were completely stuffed.

You visited 1 branch of the dungeon, and saw 3 of its levels.

You collected 137 gold pieces.

Inventory:

Hand Weapons
 a - a +0 short sword (weapon)
 r - a +0 blowgun
Missiles
 f - 17 arrows
 s - 2 curare-tipped needles
Armour
 m - a +0 scale mail (worn)
Jewellery
 p - an uncursed ring of ice
Wands
 b - a wand of flame (19/48)
 n - a wand of random effects (14/48)
Scrolls
 e - a scroll of enchant weapon {unknown}
 g - 2 scrolls of identify {unknown}
 h - 3 scrolls of noise {unknown}
 i - a scroll of blinking {unknown}
 j - a scroll of remove curse {unknown}
 l - a scroll of fear {unknown}
Potions
 d - 3 potions of curing {unknown}
 o - a potion of agility {unknown}
 q - a potion of cure mutation {unknown}
Comestibles
 c - 2 meat rations
 k - 2 chunks of flesh


   Skills:
 + Level 3.8 Fighting
 * Level 5.2 Short Blades
 + Level 2.3 Armour
 + Level 3.4 Dodging
 + Level 3.1 Stealth


You had 4 spell levels left.
You didn't know any spells.

Dungeon Overview and Level Annotations

Branches:
Dungeon (3/15)

Altars:
Dithmenos
Xom


Innate Abilities, Weirdness & Mutations

You are small and have problems with some larger weapons.
You are carnivorous and can eat meat at any time.


Message History

The puff of flame hits you!
* * * LOW HITPOINT WARNING * * *
You're too confused!
The orc wizard hits you but does no damage.
You closely miss the orc wizard. The orc wizard closely misses you.
The orc wizard closely misses you.
You're too confused to move!
You feel less confused. The orc wizard misses you.
You hit the orc wizard.
The orc wizard is lightly wounded.
The orc wizard casts a spell at you. You resist with some effort.
You hit the orc wizard.
The orc wizard is moderately wounded.
You hit the orc wizard.
The orc wizard is heavily wounded.
The orc wizard casts a spell at you. The puff of flame hits you!
You die...

#....##........
#..####........
#..####........
#....>..#######
##.###### ##.##
#...###.#
#..o...#
#..@###.# #####


You could see an orc wizard.

Vanquished Creatures
  Jessica (D:2)
  5 adders
  A dart slug (D:1)
  8 orcs (D:3)
  5 giant cockroaches
  10 goblins
  7 hobgoblins
  2 jackals (D:1)
  6 kobolds
  A quokka (D:2)
  2 ball pythons (D:1)
  3 bats
  6 frilled lizards
  10 rats
67 creatures vanquished.

Notes
Turn   | Place    | Note
-------+----------+-------------------------------------------
     0 | D:1      | Liquid the Kobold Berserker began the quest for the Orb.
     0 | D:1      | Reached XP level 1. HP: 14/14 MP: 1/1
    61 | D:1      | HP: 1/21 [kobold/short sword (2)]
   396 | D:1      | Reached XP level 2. HP: 4/19 MP: 2/2
   820 | D:1      | Reached XP level 3. HP: 23/23 MP: 3/3
   899 | D:1      | Reached ** piety under Trog
   993 | D:1      | Reached skill level 1 in Stealth
  1448 | D:2      | Reached XP level 4. HP: 26/28 MP: 4/4
  1456 | D:2      | Found a faded altar of an unknown god.
  1567 | D:2      | Found a shimmering altar of Xom.
  1770 | D:2      | Noticed Jessica
  1776 | D:2      | Killed Jessica
  1910 | D:3      | Reached skill level 5 in Short Blades
  1910 | D:3      | Reached XP level 5. HP: 16/32 MP: 5/5
  2473 | D:3      | Reached *** piety under Trog
  2485 | D:3      | Found a shadowy altar of Dithmenos.
  2635 | D:3      | Killed from afar by an orc wizard

Skill      XL: |  1  2  3  4  5 |
---------------+----------------+-----
Armour         | 2 |  2.3
Stealth        | 1 2 3 |  3.1
Dodging        | 3 |  3.4
Short Blades   | 5 |  5.2
Fighting       | |  3.8

Action                   |  1- 3 |  4- 6 || total
-------------------------+-------+-------++-------
Melee: Short sword       |   129 |   197 ||   326
Invok: Berserk           |     3 |     1 ||     4
       Trog's Hand       |       |     1 ||     1
 Stab: Sleeping          |     2 |     1 ||     3
  Eat: Chunk             |    13 |     5 ||    18
Armor: Animal skin       |    20 |       ||    20
       Scale mail        |       |    51 ||    51
Dodge: Dodged            |    92 |   122 ||   214
